[ AOE2 MATCH · #477884266 ]
Team RMBurgundians vs Mapuche
[ REPLAY ANALYSIS · EXTRACTED FROM THE RECORDED GAME ]
Feudal
10:16
Castle
20:39
Imperial
38:13
| APM avg | 8.4 |
| APM peak | 26 |
| eAPM avg | 6.7 |
| Villagers / military | 80 / 146 |
Focus
⚔️ 24.4% · 🌾 75.6%
Skirmisher ×83 · Coustillier ×56 · Trade Cart ×6 · Trebuchet (Packed) ×3 · Monk ×2 · Mangonel ×2
Feudal
11:34
Castle
23:54
Imperial
38:48
| APM avg | 8.5 |
| APM peak | 20 |
| eAPM avg | 6.5 |
| Villagers / military | 72 / 188 |
Focus
⚔️ 31.8% · 🌾 68.2%
Composite Bowman ×106 · Skirmisher ×40 · Mangonel ×20 · Scout Cavalry ×15 · Trebuchet (Packed) ×5 · Monk ×2
Feudal
14:36
Castle
22:51
Imperial
36:46
| APM avg | 16.2 |
| APM peak | 51 |
| eAPM avg | 14.0 |
| Villagers / military | 123 / 286 |
Focus
⚔️ 44.6% · 🌾 55.4%
Skirmisher ×107 · Spearman ×63 · Scout Cavalry ×60 · Scorpion ×30 · Trade Cart ×21 · Knight ×16
Feudal
10:47
Castle
20:36
Imperial
38:27
| APM avg | 8.1 |
| APM peak | 87 |
| eAPM avg | 7.5 |
| Villagers / military | 77 / 253 |
Focus
⚔️ 36.4% · 🌾 63.6%
Scout Cavalry ×102 · Cavalry Archer ×52 · Knight ×44 · Genoese Crossbowman ×35 · Spearman ×20
Feudal
13:14
Castle
19:31
Imperial
39:30
| APM avg | 15.2 |
| APM peak | 77 |
| eAPM avg | 11.4 |
| Villagers / military | 100 / 192 |
Focus
⚔️ 50.4% · 🌾 49.6%
Scorpion ×84 · Militia ×65 · Plumed Archer ×24 · Eagle Scout ×16 · Trade Cart ×15 · Battering Ram ×3
Feudal
10:36
Castle
17:12
Imperial
36:28
| APM avg | 21.6 |
| APM peak | 47 |
| eAPM avg | 13.4 |
| Villagers / military | 164 / 90 |
Focus
⚔️ 21.3% · 🌾 78.7%
Unknown (2550) ×257 · Bolas Rider ×75 · Trebuchet (Packed) ×7 · Monk ×6 · Kona ×2
Match map
Initial resources + every placement click. Lines = walls · curves = elevation contours. ◆ gold · ⬟ stone · ● berries · ✦ relic · ◌ wall gap
Your base· ✓ Closed at 20:39 · 0t walls · 2 gate(s)
lambojimbo's base· ✓ Closed at 23:54 · 0t walls · 2 gate(s)
TruG-moto's base· ✓ Closed at 22:51 · 0t walls · 3 gate(s)
scottiemoe18's base· ✓ Closed at 20:36 · 0t walls · 2 gate(s)
mustafasahinsau's base· ✓ Closed at 19:31 · 0t walls · 3 gate(s)
WillOfTheGodz's base· ✓ Closed at 17:12 · 0t walls · 3 gate(s)
Smoothed initial terrain · ◌ = detected wall gap · hover for details
Inputs per minute
— lozanotuu - - lambojimbo
Build order — lozanotuu
First 150 of 236 actions detected
| 0:05 | Build | House |
| 0:06 | Build | House |
| 0:10 | Build | House |
| 0:11 | Create | Villager (Male) |
| 0:12 | Create | Villager (Male) |
| 0:41 | Create | Villager (Male) |
| 0:42 | Create | Villager (Male) |
| 1:48 | Create | Villager (Male) |
| 1:58 | Build | Lumber Camp |
| 2:18 | Create | Villager (Male) |
| 2:35 | Create | Villager (Male) |
| 3:17 | Create | Villager (Male) |
| 3:17 | Create | Villager (Male) |
| 4:38 | Create | Villager (Male) |
| 4:39 | Create | Villager (Male) |
| 5:31 | Create | Villager (Male) |
| 5:39 | Create | Villager (Male) |
| 6:20 | Build | Mill |
| 6:23 | Create | Villager (Male) |
| 6:46 | Create | Villager (Male) |
| 6:48 | Create | Villager (Male) |
| 6:49 | Create | Villager (Male) |
| 7:14 | Build | House |
| 8:06 | Research | Feudal Age |
| 8:29 | Build | Lumber Camp |
| 8:48 | Build | Lumber Camp |
| 9:17 | Build | Mining Camp |
| 9:55 | Research | Double-Bit Axe |
| 10:02 | Research | Horse Collar |
| 10:10 | Create | Villager (Male) |
| 10:11 | Create | Villager (Male) |
| 10:16 | Age | Feudal Age |
| 10:27 | Research | Gold Mining |
| 10:33 | Build | Farm |
| 10:34 | Build | Farm |
| 10:34 | Build | Farm |
| 10:34 | Build | Farm |
| 10:34 | Build | Farm |
| 10:35 | Build | Farm |
| 10:43 | Build | Farm |
| 10:50 | Build | Farm |
| 11:13 | Build | Farm |
| 11:19 | Build | House |
| 11:23 | Create | Villager (Male) |
| 11:23 | Create | Villager (Male) |
| 11:44 | Create | Villager (Male) |
| 12:14 | Create | Villager (Male) |
| 12:28 | Build | Mining Camp |
| 12:44 | Create | Villager (Male) |
| 13:01 | Research | Bow Saw |
| 13:05 | Research | Heavy Plow |
| 13:14 | Create | Villager (Male) |
| 13:45 | Build | House |
| 13:54 | Create | Villager (Male) |
| 14:11 | Build | Blacksmith |
| 14:15 | Build | Market |
| 14:22 | Create | Villager (Male) |
| 14:47 | Create | Villager (Male) |
| 15:21 | Build | Farm |
| 15:29 | Research | Scale Barding Armor |
| 15:42 | Create | Villager (Male) |
| 16:23 | Research | Wheelbarrow |
| 16:32 | Build | House |
| 17:02 | Create | Trade Cart |
| 17:03 | Create | Trade Cart |
| 17:07 | Create | Trade Cart |
| 17:10 | Create | Trade Cart |
| 17:23 | Build | Farm |
| 17:23 | Build | Farm |
| 17:23 | Build | Farm |
| 17:24 | Build | Farm |
| 17:24 | Build | Farm |
| 17:24 | Build | Farm |
| 17:25 | Build | Farm |
| 17:25 | Build | Farm |
| 17:25 | Build | Farm |
| 17:25 | Build | Farm |
| 17:26 | Build | Farm |
| 17:26 | Build | Farm |
| 17:59 | Research | Castle Age |
| 18:09 | Build | Farm |
| 18:47 | Create | Trade Cart |
| 19:09 | Build | Barracks |
| 19:29 | Research | Forging |
| 19:58 | Build | House |
| 20:39 | Age | Castle Age |
| 21:08 | Build | Castle |
| 21:14 | Create | Villager (Male) |
| 21:14 | Create | Villager (Male) |
| 21:19 | Create | Villager (Male) |
| 21:23 | Research | Crop Rotation |
| 21:26 | Research | Two-Man Saw |
| 21:30 | Research | Stone Mining |
| 22:07 | Create | Villager (Male) |
| 22:12 | Research | Stone Shaft Mining |
| 22:41 | Create | Villager (Male) |
| 23:24 | Build | Town Center |
| 23:34 | Create | Villager (Male) |
| 23:34 | Create | Villager (Male) |
| 23:50 | Create | Coustillier ×5 |
| 23:51 | Create | Coustillier ×5 |
| 23:52 | Create | Coustillier |
| 24:11 | Research | Hand Cart |
| 24:43 | Create | Villager (Male) |
| 24:44 | Create | Villager (Male) |
| 24:57 | Build | Monastery |
| 25:07 | Create | Trade Cart |
| 25:23 | Create | Villager (Male) |
| 25:23 | Create | Villager (Male) |
| 25:39 | Build | Lumber Camp |
| 25:46 | Create | Monk |
| 26:03 | Research | Iron Casting |
| 26:17 | Create | Villager (Male) |
| 26:17 | Create | Villager (Male) |
| 26:19 | Create | Villager (Male) |
| 26:20 | Create | Villager (Male) |
| 26:36 | Build | Farm |
| 26:45 | Create | Monk |
| 26:54 | Create | Villager (Male) |
| 27:07 | Build | Lumber Camp |
| 27:09 | Create | Villager (Male) |
| 27:16 | Create | Villager (Male) |
| 27:18 | Create | Coustillier ×4 |
| 27:49 | Build | Siege Workshop |
| 27:56 | Research | Chain Barding Armor |
| 27:58 | Create | Villager (Male) |
| 28:09 | Build | House |
| 28:11 | Build | House |
| 28:12 | Build | House |
| 28:12 | Build | House |
| 28:27 | Create | Villager (Male) |
| 28:28 | Create | Villager (Male) |
| 28:59 | Build | Archery Range |
| 29:00 | Build | Archery Range |
| 29:08 | Create | Villager (Male) |
| 29:11 | Create | Villager (Male) |
| 29:12 | Create | Villager (Male) |
| 29:21 | Build | Lumber Camp |
| 29:57 | Research | Elite Skirmisher (upgrade) |
| 30:01 | Research | Fletching |
| 30:05 | Create | Villager (Male) |
| 30:05 | Create | Villager (Male) |
| 30:11 | Create | Villager (Male) |
| 30:11 | Create | Villager (Male) |
| 30:34 | Build | House |
| 30:35 | Build | House |
| 30:36 | Build | House |
| 30:37 | Build | House |
| 30:44 | Create | Skirmisher ×5 |
| 30:45 | Create | Skirmisher ×5 |
Build order — lambojimbo
First 150 of 207 actions detected
| 0:13 | Build | House |
| 0:14 | Build | House |
| 0:16 | Build | House |
| 0:17 | Build | House |
| 0:19 | Create | Villager (Male) ×4 |
| 1:55 | Create | Villager (Male) |
| 2:42 | Create | Villager (Male) |
| 4:44 | Create | Villager (Male) |
| 4:45 | Create | Villager (Male) |
| 4:45 | Create | Villager (Male) |
| 4:45 | Create | Villager (Male) |
| 4:45 | Create | Villager (Male) |
| 4:46 | Create | Villager (Male) |
| 4:46 | Create | Villager (Male) |
| 5:32 | Build | Mule Cart |
| 6:12 | Create | Villager (Male) |
| 6:13 | Create | Villager (Male) |
| 6:13 | Create | Villager (Male) |
| 7:31 | Build | Mill |
| 7:47 | Create | Villager (Male) |
| 7:48 | Create | Villager (Male) |
| 9:24 | Research | Feudal Age |
| 9:34 | Build | House |
| 9:35 | Build | House |
| 9:36 | Build | House |
| 9:37 | Build | House |
| 10:02 | Build | Mule Cart |
| 10:04 | Build | Mule Cart |
| 11:32 | Create | Villager (Male) ×5 |
| 11:34 | Age | Feudal Age |
| 11:46 | Research | Horse Collar |
| 11:49 | Research | Double-Bit Axe |
| 12:26 | Create | Villager (Male) |
| 12:35 | Build | House |
| 12:35 | Build | House |
| 12:37 | Build | House |
| 12:38 | Build | House |
| 13:30 | Build | Barracks |
| 14:14 | Build | Farm |
| 14:16 | Build | Farm |
| 14:17 | Build | Farm |
| 14:28 | Build | Farm |
| 14:34 | Create | Villager (Male) ×5 |
| 16:22 | Build | Farm |
| 16:23 | Build | Farm |
| 16:24 | Build | Farm |
| 16:28 | Build | Farm |
| 16:32 | Build | Farm |
| 16:33 | Build | Farm |
| 16:38 | Build | Farm |
| 16:39 | Build | Farm |
| 16:41 | Build | Farm |
| 16:59 | Build | Archery Range |
| 17:07 | Create | Villager (Male) ×4 |
| 18:19 | Build | Market |
| 18:22 | Build | Blacksmith |
| 18:27 | Build | House |
| 18:28 | Build | House |
| 18:29 | Build | House |
| 18:45 | Create | Villager (Male) ×5 |
| 19:03 | Build | Farm |
| 19:04 | Build | Farm |
| 19:05 | Build | Farm |
| 19:06 | Build | Farm |
| 19:07 | Build | Farm |
| 19:09 | Build | Farm |
| 21:14 | Research | Castle Age |
| 22:01 | Build | Farm |
| 22:54 | Create | Villager (Male) ×5 |
| 23:54 | Age | Castle Age |
| 24:05 | Build | Monastery |
| 24:14 | Build | Town Center |
| 24:28 | Build | Town Center |
| 24:36 | Create | Monk |
| 24:36 | Create | Monk |
| 25:16 | Build | Castle |
| 25:59 | Research | Fletching |
| 26:01 | Research | Padded Archer Armor |
| 26:14 | Research | Elite Skirmisher (upgrade) |
| 26:23 | Research | Forging |
| 26:24 | Research | Scale Mail Armor |
| 26:27 | Research | Wheelbarrow |
| 26:33 | Create | Villager (Male) ×5 |
| 26:35 | Create | Villager (Male) ×5 |
| 26:39 | Create | Villager (Male) ×5 |
| 26:40 | Create | Villager (Male) ×5 |
| 26:45 | Research | Loom |
| 27:51 | Create | Composite Bowman ×5 |
| 27:52 | Create | Composite Bowman ×3 |
| 28:17 | Build | Castle |
| 28:27 | Build | University |
| 28:31 | Research | Hand Cart |
| 28:34 | Create | Villager (Male) ×5 |
| 29:09 | Research | Heavy Plow |
| 29:13 | Research | Bow Saw |
| 29:14 | Research | Gold Mining |
| 29:27 | Research | Town Watch |
| 29:56 | Build | Siege Workshop |
| 30:06 | Build | Siege Workshop |
| 30:20 | Research | Fortified Wall (upgrade) |
| 30:20 | Research | Murder Holes |
| 30:21 | Research | Ballistics |
| 30:34 | Build | Farm |
| 30:46 | Create | Villager (Male) |
| 30:46 | Create | Villager (Male) |
| 30:49 | Create | Villager (Male) |
| 30:49 | Create | Villager (Male) |
| 31:54 | Create | Composite Bowman ×5 |
| 32:09 | Create | Mangonel |
| 32:09 | Create | Mangonel |
| 32:10 | Create | Mangonel |
| 32:19 | Research | Squires |
| 32:23 | Research | Bodkin Arrow |
| 32:24 | Research | Iron Casting |
| 32:27 | Research | Chain Mail Armor |
| 32:54 | Create | Skirmisher ×5 |
| 32:54 | Create | Skirmisher ×5 |
| 32:54 | Create | Skirmisher ×5 |
| 32:55 | Create | Skirmisher ×5 |
| 33:10 | Build | House |
| 33:10 | Build | House |
| 33:10 | Build | House |
| 33:11 | Build | House |
| 33:13 | Build | House |
| 33:13 | Build | House |
| 33:14 | Build | House |
| 33:14 | Build | House |
| 33:15 | Build | House |
| 33:15 | Build | House |
| 33:18 | Build | House |
| 33:18 | Build | House |
| 33:19 | Build | House |
| 33:19 | Build | House |
| 33:20 | Build | House |
| 33:20 | Build | House |
| 33:25 | Research | Leather Archer Armor |
| 33:54 | Research | Stone Mining |
| 34:18 | Create | Mangonel |
| 34:20 | Create | Mangonel |
| 35:38 | Research | Imperial Age |
| 35:50 | Build | Farm |
| 35:52 | Build | Farm |
| 35:54 | Build | Farm |
| 35:59 | Build | Farm |
| 36:01 | Build | Farm |
| 36:05 | Build | Farm |
| 36:09 | Build | Farm |
| 36:10 | Build | Farm |
| 36:12 | Build | Farm |
| 36:15 | Build | Farm |
Build order — TruG-moto
First 150 of 605 actions detected
| 0:05 | Research | Loom |
| 0:06 | Create | Villager (Male) |
| 0:06 | Create | Villager (Male) |
| 0:07 | Create | Villager (Male) |
| 0:27 | Build | House |
| 0:28 | Build | House |
| 0:30 | Build | House |
| 0:31 | Build | House |
| 1:41 | Create | Villager (Male) |
| 1:41 | Create | Villager (Male) |
| 2:17 | Create | Villager (Male) |
| 2:18 | Create | Villager (Male) |
| 2:47 | Create | Villager (Male) |
| 3:11 | Create | Villager (Male) |
| 3:41 | Create | Villager (Male) |
| 3:42 | Create | Villager (Male) |
| 4:27 | Create | Villager (Male) |
| 4:30 | Create | Villager (Male) |
| 4:39 | Build | Mill |
| 5:00 | Create | Villager (Male) |
| 5:04 | Create | Villager (Male) |
| 5:13 | Create | Villager (Male) |
| 5:43 | Create | Villager (Male) |
| 6:13 | Create | Villager (Male) |
| 6:14 | Create | Villager (Male) |
| 6:42 | Build | Lumber Camp |
| 6:49 | Create | Villager (Male) |
| 6:57 | Create | Villager (Male) |
| 7:47 | Build | House |
| 7:49 | Build | House |
| 7:50 | Build | House |
| 7:53 | Build | House |
| 8:19 | Create | Villager (Male) |
| 8:20 | Create | Villager (Male) |
| 8:21 | Create | Villager (Male) |
| 8:21 | Create | Villager (Male) |
| 8:21 | Create | Villager (Male) |
| 8:59 | Create | Villager (Male) |
| 9:27 | Create | Villager (Male) |
| 9:28 | Create | Villager (Male) |
| 9:29 | Create | Villager (Male) |
| 9:58 | Build | Mining Camp |
| 10:05 | Build | House |
| 10:13 | Build | House |
| 11:07 | Build | Mill |
| 11:20 | Build | House |
| 11:22 | Build | House |
| 11:41 | Build | Mining Camp |
| 11:46 | Research | Feudal Age |
| 12:00 | Build | Farm |
| 12:01 | Build | Farm |
| 12:03 | Build | Farm |
| 12:05 | Build | Farm |
| 12:08 | Build | Farm |
| 12:11 | Build | Farm |
| 12:41 | Build | Farm |
| 12:49 | Build | Outpost |
| 13:53 | Build | Outpost |
| 14:36 | Age | Feudal Age |
| 14:38 | Research | Town Watch |
| 14:41 | Create | Villager (Male) |
| 14:51 | Create | Villager (Male) |
| 14:53 | Create | Villager (Male) |
| 15:10 | Build | Watch Tower |
| 15:24 | Build | Market |
| 15:34 | Build | Market |
| 15:47 | Create | Villager (Male) |
| 16:26 | Create | Villager (Male) |
| 16:28 | Create | Villager (Male) |
| 16:40 | Build | Farm |
| 16:41 | Build | Farm |
| 16:43 | Build | Farm |
| 16:45 | Build | Farm |
| 16:54 | Create | Villager (Male) |
| 17:13 | Build | Farm |
| 17:21 | Build | Blacksmith |
| 17:39 | Create | Villager (Male) |
| 17:49 | Build | Farm |
| 18:06 | Create | Villager (Male) |
| 18:12 | Build | Farm |
| 18:25 | Create | Villager (Male) |
| 18:28 | Build | Farm |
| 18:56 | Build | Farm |
| 19:01 | Create | Villager (Male) |
| 19:25 | Build | Farm |
| 19:38 | Create | Villager (Male) |
| 19:53 | Build | House |
| 19:55 | Build | House |
| 19:57 | Build | House |
| 19:58 | Build | House |
| 20:00 | Build | House |
| 20:11 | Research | Castle Age |
| 20:17 | Research | Double-Bit Axe |
| 20:35 | Research | Horse Collar |
| 21:36 | Create | Trade Cart |
| 21:37 | Create | Trade Cart |
| 21:38 | Create | Trade Cart |
| 21:38 | Create | Trade Cart |
| 21:39 | Create | Trade Cart |
| 21:40 | Create | Trade Cart |
| 22:51 | Age | Castle Age |
| 22:52 | Research | Town Patrol |
| 22:54 | Create | Villager (Male) |
| 22:55 | Create | Villager (Male) |
| 22:56 | Create | Villager (Male) |
| 23:11 | Build | Town Center |
| 23:17 | Create | Villager (Male) |
| 23:20 | Create | Villager (Male) |
| 23:25 | Build | House |
| 23:27 | Build | House |
| 23:28 | Build | House |
| 24:11 | Build | Town Center |
| 24:18 | Create | Villager (Male) |
| 24:40 | Build | Castle |
| 24:46 | Create | Villager (Male) |
| 25:11 | Build | Town Center |
| 25:17 | Create | Villager (Male) |
| 25:17 | Create | Villager (Male) |
| 25:18 | Create | Villager (Male) |
| 25:19 | Create | Villager (Male) |
| 25:21 | Create | Villager (Male) |
| 25:25 | Create | Villager (Male) |
| 25:37 | Build | House |
| 25:39 | Build | House |
| 25:54 | Create | Villager (Male) |
| 26:02 | Create | Villager (Male) |
| 26:07 | Create | Villager (Male) |
| 26:16 | Build | Farm |
| 26:18 | Create | Villager (Male) |
| 26:18 | Create | Villager (Male) |
| 26:19 | Create | Villager (Male) |
| 26:26 | Create | Villager (Male) |
| 26:29 | Create | Villager (Male) |
| 26:49 | Create | Villager (Male) |
| 26:50 | Create | Villager (Male) |
| 26:51 | Create | Villager (Male) |
| 26:53 | Create | Villager (Male) |
| 26:54 | Create | Villager (Male) |
| 26:57 | Create | Villager (Male) |
| 27:00 | Create | Villager (Male) |
| 27:04 | Create | Villager (Male) |
| 27:05 | Create | Villager (Male) |
| 27:06 | Create | Villager (Male) |
| 27:09 | Build | Farm |
| 27:12 | Build | Farm |
| 27:28 | Build | Mill |
| 27:39 | Build | Siege Workshop |
| 27:58 | Build | Gate |
| 28:03 | Build | Stone Wall |
| 28:06 | Build | Stone Wall |
Build order — scottiemoe18
First 150 of 226 actions detected
| 0:44 | Build | House |
| 0:45 | Build | House |
| 0:48 | Build | House |
| 0:51 | Build | House |
| 0:57 | Create | Villager (Male) ×4 |
| 2:52 | Create | Villager (Male) ×2 |
| 2:53 | Create | Villager (Male) ×2 |
| 3:08 | Create | Villager (Male) |
| 3:08 | Create | Villager (Male) |
| 3:08 | Create | Villager (Male) |
| 4:58 | Create | Villager (Male) ×5 |
| 4:58 | Create | Villager (Male) ×5 |
| 5:25 | Create | Villager (Male) |
| 5:26 | Create | Villager (Male) |
| 5:54 | Build | Lumber Camp |
| 7:28 | Build | Mill |
| 8:37 | Research | Feudal Age |
| 8:48 | Create | Villager (Male) |
| 10:06 | Build | Farm |
| 10:08 | Build | Farm |
| 10:09 | Build | Farm |
| 10:24 | Build | Farm |
| 10:47 | Age | Feudal Age |
| 11:38 | Build | Farm |
| 11:48 | Create | Villager (Male) |
| 11:49 | Create | Villager (Male) |
| 11:49 | Create | Villager (Male) |
| 11:49 | Create | Villager (Male) |
| 11:50 | Create | Villager (Male) |
| 11:50 | Create | Villager (Male) |
| 11:50 | Create | Villager (Male) |
| 11:50 | Create | Villager (Male) |
| 11:51 | Create | Villager (Male) |
| 11:51 | Create | Villager (Male) |
| 12:41 | Build | Mining Camp |
| 12:57 | Research | Town Watch |
| 13:02 | Research | Wheelbarrow |
| 13:03 | Create | Villager (Male) |
| 14:28 | Build | Market |
| 14:53 | Build | House |
| 14:59 | Build | House |
| 15:01 | Build | House |
| 15:02 | Build | House |
| 15:04 | Build | House |
| 16:05 | Build | Blacksmith |
| 16:50 | Build | Farm |
| 16:52 | Build | Farm |
| 17:15 | Build | Mining Camp |
| 17:56 | Research | Castle Age |
| 18:06 | Build | Farm |
| 18:12 | Build | Farm |
| 20:09 | Create | Villager (Male) |
| 20:09 | Create | Villager (Male) |
| 20:09 | Create | Villager (Male) |
| 20:10 | Create | Villager (Male) |
| 20:10 | Create | Villager (Male) |
| 20:10 | Create | Villager (Male) |
| 20:11 | Create | Villager (Male) |
| 20:11 | Create | Villager (Male) |
| 20:11 | Create | Villager (Male) |
| 20:11 | Create | Villager (Male) |
| 20:12 | Create | Villager (Male) |
| 20:12 | Create | Villager (Male) |
| 20:36 | Age | Castle Age |
| 20:42 | Build | Barracks |
| 21:59 | Build | Town Center |
| 23:43 | Build | Farm |
| 23:53 | Create | Villager (Male) ×5 |
| 23:53 | Create | Villager (Male) ×5 |
| 23:54 | Create | Villager (Male) ×5 |
| 23:54 | Create | Villager (Male) ×5 |
| 24:03 | Create | Villager (Male) ×5 |
| 24:48 | Build | Archery Range |
| 25:13 | Build | University |
| 25:42 | Research | Pikeman (upgrade) |
| 25:43 | Research | Squires |
| 25:43 | Research | Arson |
| 25:58 | Build | Castle |
| 26:48 | Research | Murder Holes |
| 26:51 | Research | Ballistics |
| 28:28 | Build | Farm |
| 28:34 | Build | Farm |
| 28:45 | Build | Barracks |
| 28:47 | Build | Barracks |
| 28:58 | Create | Spearman ×5 |
| 28:58 | Create | Spearman ×5 |
| 29:19 | Create | Villager (Male) |
| 29:20 | Create | Villager (Male) |
| 29:29 | Research | Fletching |
| 29:29 | Research | Forging |
| 29:30 | Research | Padded Archer Armor |
| 29:34 | Research | Scale Mail Armor |
| 29:46 | Research | Fortified Wall (upgrade) |
| 30:06 | Research | Town Watch |
| 30:15 | Create | Spearman ×5 |
| 30:16 | Create | Spearman ×5 |
| 31:48 | Build | Archery Range |
| 31:56 | Build | Archery Range |
| 32:07 | Build | House |
| 32:07 | Build | House |
| 32:08 | Build | House |
| 32:08 | Build | House |
| 32:08 | Build | House |
| 32:09 | Build | House |
| 32:09 | Build | House |
| 32:09 | Build | House |
| 32:09 | Build | House |
| 32:10 | Build | House |
| 32:10 | Build | House |
| 32:10 | Build | House |
| 32:11 | Build | House |
| 32:11 | Build | House |
| 32:11 | Build | House |
| 32:12 | Build | House |
| 32:12 | Build | House |
| 32:12 | Build | House |
| 32:12 | Build | House |
| 32:13 | Build | House |
| 32:13 | Build | House |
| 32:13 | Build | House |
| 32:14 | Build | House |
| 32:14 | Build | House |
| 32:14 | Build | House |
| 32:15 | Build | House |
| 33:03 | Build | Castle |
| 33:37 | Research | Thumb Ring |
| 33:51 | Build | Farm |
| 34:30 | Build | Stable |
| 34:32 | Build | Stable |
| 34:37 | Build | Farm |
| 34:48 | Research | Double-Bit Axe |
| 35:03 | Build | Farm |
| 35:18 | Research | Imperial Age |
| 35:47 | Build | Castle |
| 35:54 | Build | Farm |
| 35:58 | Research | Bloodlines |
| 36:24 | Build | Farm |
| 36:25 | Build | Farm |
| 36:26 | Build | Farm |
| 36:29 | Build | Farm |
| 36:31 | Build | Farm |
| 36:47 | Research | Bloodlines |
| 36:48 | Research | Husbandry |
| 37:03 | Build | Farm |
| 37:09 | Build | Farm |
| 37:56 | Build | Mining Camp |
| 38:15 | Research | Light Cavalry (upgrade) |
| 38:16 | Create | Scout Cavalry ×5 |
| 38:16 | Create | Scout Cavalry ×5 |
| 38:27 | Age | Imperial Age |
Build order — mustafasahinsau
First 150 of 440 actions detected
| 0:17 | Build | House |
| 0:18 | Build | House |
| 0:19 | Build | House |
| 0:20 | Build | House |
| 0:22 | Create | Villager (Male) |
| 0:22 | Create | Villager (Male) |
| 0:23 | Create | Villager (Male) |
| 0:23 | Create | Villager (Male) |
| 1:26 | Create | Villager (Male) |
| 1:26 | Create | Villager (Male) |
| 3:05 | Create | Villager (Male) |
| 3:05 | Create | Villager (Male) |
| 3:05 | Create | Villager (Male) |
| 3:12 | Build | Mill |
| 3:56 | Create | Villager (Male) |
| 3:57 | Create | Villager (Male) |
| 3:57 | Create | Villager (Male) |
| 3:57 | Create | Villager (Male) |
| 4:23 | Create | Villager (Male) |
| 4:23 | Create | Villager (Male) |
| 4:50 | Create | Villager (Male) |
| 4:50 | Create | Villager (Male) |
| 5:40 | Create | Villager (Male) |
| 5:40 | Create | Villager (Male) |
| 5:40 | Create | Villager (Male) |
| 6:05 | Create | Villager (Male) |
| 6:06 | Create | Villager (Male) |
| 6:06 | Create | Villager (Male) |
| 6:11 | Create | Villager (Male) |
| 6:22 | Create | Villager (Male) |
| 7:05 | Create | Villager (Male) |
| 7:06 | Create | Villager (Male) |
| 7:06 | Create | Villager (Male) |
| 10:06 | Build | Lumber Camp |
| 10:24 | Build | House |
| 10:26 | Build | House |
| 10:28 | Build | House |
| 10:30 | Build | House |
| 10:33 | Build | House |
| 10:35 | Build | House |
| 11:04 | Research | Feudal Age |
| 13:00 | Build | Mining Camp |
| 13:14 | Age | Feudal Age |
| 13:33 | Build | Blacksmith |
| 14:31 | Build | Barracks |
| 14:41 | Research | Double-Bit Axe |
| 15:30 | Build | Archery Range |
| 16:51 | Research | Castle Age |
| 19:05 | Build | Farm |
| 19:06 | Build | Farm |
| 19:08 | Build | Farm |
| 19:12 | Build | Farm |
| 19:14 | Build | Farm |
| 19:16 | Build | Farm |
| 19:18 | Build | Farm |
| 19:31 | Age | Castle Age |
| 19:51 | Build | Castle |
| 20:38 | Build | Siege Workshop |
| 21:12 | Create | Battering Ram |
| 21:12 | Create | Battering Ram |
| 21:16 | Create | Battering Ram |
| 21:38 | Create | Villager (Male) |
| 21:38 | Create | Villager (Male) |
| 21:38 | Create | Villager (Male) |
| 21:39 | Create | Villager (Male) |
| 21:39 | Create | Villager (Male) |
| 21:39 | Create | Villager (Male) |
| 21:39 | Create | Villager (Male) |
| 21:40 | Create | Villager (Male) |
| 21:40 | Create | Villager (Male) |
| 21:40 | Create | Villager (Male) |
| 21:40 | Create | Villager (Male) |
| 21:41 | Create | Villager (Male) |
| 21:41 | Create | Villager (Male) |
| 21:41 | Create | Villager (Male) |
| 21:41 | Create | Villager (Male) |
| 22:18 | Build | Town Center |
| 22:33 | Research | Eagle Warrior (upgrade) |
| 23:06 | Research | Forging |
| 23:21 | Create | Villager (Male) |
| 24:01 | Create | Villager (Male) |
| 24:01 | Create | Villager (Male) |
| 24:02 | Create | Villager (Male) |
| 24:02 | Create | Villager (Male) |
| 24:25 | Build | Farm |
| 24:26 | Build | Farm |
| 24:27 | Build | Farm |
| 24:29 | Build | Farm |
| 24:31 | Build | Farm |
| 24:31 | Build | Farm |
| 24:37 | Build | Farm |
| 24:38 | Build | Farm |
| 24:42 | Build | Farm |
| 24:43 | Build | Farm |
| 25:07 | Create | Villager (Male) |
| 25:07 | Create | Villager (Male) |
| 25:07 | Create | Villager (Male) |
| 25:26 | Create | Villager (Male) |
| 25:26 | Create | Villager (Male) |
| 26:00 | Build | Market |
| 26:20 | Research | Gold Mining |
| 26:27 | Research | Squires |
| 26:53 | Create | Villager (Male) |
| 26:53 | Create | Villager (Male) |
| 27:02 | Research | Horse Collar |
| 27:13 | Create | Villager (Male) |
| 27:32 | Build | Farm |
| 27:33 | Build | Farm |
| 27:35 | Build | Farm |
| 27:36 | Build | Farm |
| 27:41 | Build | Farm |
| 27:43 | Build | Farm |
| 27:44 | Build | Farm |
| 27:55 | Create | Villager (Male) |
| 27:56 | Create | Villager (Male) |
| 27:56 | Create | Villager (Male) |
| 28:07 | Create | Villager (Male) |
| 28:45 | Research | Bow Saw |
| 29:11 | Research | Wheelbarrow |
| 29:44 | Build | Barracks |
| 29:45 | Build | Barracks |
| 29:54 | Create | Trade Cart |
| 29:54 | Create | Trade Cart |
| 29:54 | Create | Trade Cart |
| 29:54 | Create | Trade Cart |
| 29:55 | Create | Trade Cart |
| 29:55 | Create | Trade Cart |
| 29:55 | Create | Trade Cart |
| 30:00 | Build | Farm |
| 30:02 | Build | Farm |
| 30:14 | Build | Farm |
| 30:19 | Build | Farm |
| 30:51 | Research | Heavy Plow |
| 31:28 | Research | Arson |
| 31:31 | Research | Iron Casting |
| 31:32 | Research | Scale Mail Armor |
| 31:39 | Research | Fletching |
| 31:41 | Research | Padded Archer Armor |
| 31:52 | Create | Villager (Male) |
| 31:52 | Create | Villager (Male) |
| 31:53 | Create | Villager (Male) |
| 32:05 | Create | Villager (Male) |
| 32:06 | Create | Villager (Male) |
| 32:06 | Create | Villager (Male) |
| 33:13 | Research | Hand Cart |
| 33:33 | Build | Town Center |
| 33:50 | Create | Trade Cart |
| 33:50 | Create | Trade Cart |
| 33:51 | Create | Trade Cart |
| 33:51 | Create | Trade Cart |
Build order — WillOfTheGodz
First 150 of 423 actions detected
| 0:02 | Create | Villager (Male) |
| 0:02 | Create | Villager (Male) |
| 0:02 | Create | Villager (Male) |
| 0:03 | Build | House |
| 0:06 | Build | House |
| 0:36 | Create | Villager (Male) |
| 1:54 | Create | Villager (Male) |
| 1:54 | Create | Villager (Male) |
| 2:13 | Create | Villager (Male) |
| 2:14 | Create | Villager (Male) |
| 2:33 | Build | Settlement |
| 3:38 | Create | Villager (Male) |
| 3:38 | Create | Villager (Male) |
| 4:18 | Create | Villager (Male) |
| 4:34 | Create | Villager (Male) |
| 4:34 | Create | Villager (Male) |
| 4:54 | Create | Villager (Male) |
| 5:47 | Create | Villager (Male) |
| 6:01 | Create | Villager (Male) |
| 6:20 | Build | House |
| 6:27 | Create | Villager (Male) |
| 6:28 | Create | Villager (Male) |
| 7:28 | Create | Villager (Male) |
| 7:29 | Create | Villager (Male) |
| 8:26 | Research | Feudal Age |
| 9:23 | Build | House |
| 10:31 | Create | Villager (Male) |
| 10:31 | Create | Villager (Male) |
| 10:36 | Age | Feudal Age |
| 10:52 | Create | Villager (Male) |
| 11:09 | Create | Villager (Male) |
| 11:09 | Create | Villager (Male) |
| 11:42 | Create | Villager (Male) |
| 11:42 | Research | Loom |
| 11:59 | Build | Market |
| 12:05 | Build | Blacksmith |
| 12:46 | Build | Farm |
| 13:05 | Build | House |
| 13:17 | Research | Wheelbarrow |
| 13:52 | Research | Castle Age |
| 15:13 | Build | Farm |
| 15:13 | Build | Farm |
| 15:13 | Build | Farm |
| 15:14 | Build | Farm |
| 15:26 | Build | Farm |
| 16:32 | Create | Villager (Male) |
| 16:33 | Create | Villager (Male) |
| 17:04 | Create | Villager (Male) |
| 17:12 | Age | Castle Age |
| 17:19 | Build | Town Center |
| 17:30 | Build | Town Center |
| 17:53 | Create | Villager (Male) |
| 18:04 | Build | Farm |
| 18:13 | Build | Farm |
| 18:14 | Build | Farm |
| 18:14 | Build | Farm |
| 18:14 | Build | Farm |
| 18:14 | Build | Farm |
| 18:15 | Build | Farm |
| 18:18 | Create | Villager (Male) |
| 18:19 | Create | Villager (Male) |
| 18:23 | Create | Villager (Male) |
| 18:46 | Create | Villager (Male) |
| 18:52 | Build | Farm |
| 19:07 | Build | Farm |
| 19:09 | Create | Villager (Male) |
| 19:09 | Create | Villager (Male) |
| 19:09 | Create | Villager (Male) |
| 19:15 | Create | Villager (Male) |
| 19:23 | Create | Villager (Male) |
| 19:27 | Build | Farm |
| 19:31 | Build | Farm |
| 19:34 | Create | Villager (Male) |
| 19:37 | Create | Villager (Male) |
| 19:38 | Create | Villager (Male) |
| 19:44 | Build | Farm |
| 19:44 | Build | Farm |
| 19:45 | Build | Farm |
| 19:45 | Build | Farm |
| 19:53 | Create | Villager (Male) |
| 20:16 | Create | Villager (Male) |
| 20:17 | Create | Villager (Male) |
| 20:22 | Create | Villager (Male) |
| 20:26 | Build | Farm |
| 20:33 | Build | Farm |
| 20:33 | Build | Farm |
| 20:33 | Build | Farm |
| 20:33 | Build | Farm |
| 20:38 | Create | Villager (Male) |
| 20:45 | Build | House |
| 20:45 | Build | House |
| 20:54 | Build | Farm |
| 20:55 | Build | Farm |
| 21:04 | Build | House |
| 21:04 | Build | House |
| 21:20 | Create | Villager (Male) |
| 21:20 | Create | Villager (Male) |
| 21:22 | Create | Villager (Male) |
| 21:22 | Create | Villager (Male) |
| 21:26 | Create | Villager (Male) |
| 21:26 | Create | Villager (Male) |
| 21:43 | Create | Villager (Male) |
| 21:45 | Create | Villager (Male) |
| 21:50 | Build | Farm |
| 21:50 | Build | Farm |
| 21:51 | Build | Farm |
| 21:57 | Create | Villager (Male) |
| 21:58 | Create | Villager (Male) |
| 22:03 | Create | Villager (Male) |
| 22:25 | Build | Monastery |
| 22:30 | Build | House |
| 22:32 | Create | Villager (Male) |
| 22:40 | Research | Hand Cart |
| 22:47 | Research | Double-Bit Axe |
| 22:53 | Build | Farm |
| 22:56 | Create | Villager (Male) |
| 23:19 | Create | Monk |
| 23:37 | Create | Villager (Male) |
| 23:42 | Build | Farm |
| 23:42 | Build | Farm |
| 23:42 | Build | Farm |
| 23:43 | Build | Farm |
| 23:43 | Build | Farm |
| 23:47 | Create | Villager (Male) |
| 23:47 | Create | Villager (Male) |
| 23:49 | Create | Villager (Male) |
| 23:50 | Create | Villager (Male) |
| 24:11 | Build | Town Center |
| 24:25 | Create | Villager (Male) |
| 24:26 | Create | Villager (Male) |
| 24:31 | Create | Villager (Male) |
| 24:32 | Create | Villager (Male) |
| 24:32 | Create | Villager (Male) |
| 24:38 | Research | Bow Saw |
| 24:41 | Research | Stone Mining |
| 24:44 | Create | Villager (Male) |
| 24:45 | Create | Villager (Male) |
| 24:45 | Create | Villager (Male) |
| 24:49 | Build | Farm |
| 24:49 | Build | Farm |
| 24:50 | Build | Farm |
| 24:50 | Build | Farm |
| 24:55 | Create | Villager (Male) |
| 25:16 | Build | House |
| 25:18 | Build | House |
| 25:19 | Build | House |
| 26:09 | Create | Villager (Male) |
| 26:10 | Create | Villager (Male) |
| 26:10 | Create | Villager (Male) |
| 26:19 | Create | Villager (Male) |
Match timeline
| 10:16 | lozanotuu · age_up feudal |
| 10:36 | WillOfTheGodz · age_up feudal |
| 10:47 | scottiemoe18 · age_up feudal |
| 11:34 | lambojimbo · age_up feudal |
| 13:14 | mustafasahinsau · age_up feudal |
| 13:28 | WillOfTheGodz · first_market_buy 100 food |
| 13:30 | lambojimbo · first_building Barracks |
| 14:31 | mustafasahinsau · first_building Barracks |
| 14:36 | TruG-moto · age_up feudal |
| 15:30 | mustafasahinsau · first_building Archery Range |
| 16:59 | lambojimbo · first_building Archery Range |
| 17:12 | WillOfTheGodz · age_up castle |
| 19:09 | lozanotuu · first_building Barracks |
| 19:31 | mustafasahinsau · age_up castle |
| 19:51 | mustafasahinsau · first_building Castle |
| 20:36 | scottiemoe18 · age_up castle |
| 20:38 | lambojimbo · first_market_sell 100 wood |
| 20:38 | mustafasahinsau · first_building Siege Workshop |
| 20:38 | lambojimbo · first_market_buy 100 food |
| 20:39 | lozanotuu · age_up castle |
| 20:42 | scottiemoe18 · first_building Barracks |
| 21:08 | lozanotuu · first_building Castle |
| 22:25 | WillOfTheGodz · first_building Monastery |
| 22:42 | scottiemoe18 · first_market_buy 100 stone |
| 22:51 | TruG-moto · age_up castle |
| 23:54 | lambojimbo · age_up castle |
| 24:05 | lambojimbo · first_building Monastery |
| 24:40 | TruG-moto · first_building Castle |
| 24:48 | scottiemoe18 · first_building Archery Range |
| 24:57 | lozanotuu · first_building Monastery |
| 25:16 | lambojimbo · first_building Castle |
| 25:58 | scottiemoe18 · first_building Castle |
| 27:39 | TruG-moto · first_building Siege Workshop |
| 27:49 | lozanotuu · first_building Siege Workshop |
| 28:03 | TruG-moto · wall_segment Stone Wall x10 |
| 28:06 | TruG-moto · wall_segment Stone Wall x10 |
| 28:12 | WillOfTheGodz · first_building Barracks |
| 28:59 | lozanotuu · first_building Archery Range |
| 29:56 | lambojimbo · first_building Siege Workshop |
| 31:02 | WillOfTheGodz · first_building Archery Range |
| 32:55 | TruG-moto · first_building Monastery |
| 33:17 | TruG-moto · first_building Barracks |
| 34:30 | scottiemoe18 · first_building Stable |
| 35:47 | TruG-moto · first_building Archery Range |
| 36:28 | WillOfTheGodz · age_up imperial |
| 36:31 | lozanotuu · first_building Stable |
| 36:46 | TruG-moto · age_up imperial |
| 37:21 | WillOfTheGodz · first_building Castle |
| 38:13 | lozanotuu · age_up imperial |
| 38:27 | scottiemoe18 · age_up imperial |
| 38:48 | lambojimbo · age_up imperial |
| 39:30 | mustafasahinsau · age_up imperial |
| 39:52 | TruG-moto · first_building Stable |
| 42:10 | TruG-moto · first_market_sell 100 wood |
| 43:20 | lambojimbo · first_building Stable |
| 47:23 | lozanotuu · resign |
[ AI ANALYSIS · 1 CREDIT ]
What really happened in this match?
Wolo.gg analyzes every decision: build order, eco, micro, common mistakes by bracket. Personalized analysis on WhatsApp or Discord in 30 seconds.
Civ guide
Burgundians
Map guide
Arena
Perfil
Jugador #24363399